 Dungeon Crawl Stone Soup version 0.30.0-29-ga12c61a403 (webtiles) character file.

Game seed: 4446148448944802107

192 qw the Chopper (level 5, -10/32 HPs)
             Began as a Gargoyle Fighter on June 5, 2023.
             Mangled by an ogre
             ... wielding a +0 giant club
              (14 damage)
             ... on level 4 of the Dungeon.
             The game lasted 00:01:27 (3402 turns).

qw the Chopper (Gargoyle Fighter)                   Turns: 3402, Time: 00:01:28

Health: -10/32     AC: 14    Str: 21    XL:     5   Next: 71%
Magic:  5/5        EV:  7    Int:  9    God:
Gold:   248        SH:  4    Dex:  9    Spells: 4/4 levels left

rFire   . . .        Y - +0 war axe
rCold   . . .        c - +0 buckler
rNeg    + . .        i - +0 chain mail
rPois   inf          (no helmet)
rElec   +            n - +0 cloak
rCorr   +            (no gloves)
SInv    .            (no boots)
Will    .....        (no amulet) Stlth
                     k - ring of resist corrosion
HPRegen 0.25/turn    (no ring)
MPRegen 0.09/turn

%: no passive effects
@: about to teleport
A: sickness immunity, AC +4, negative energy resistance 1, electricity
resistance, torment resistance 1, petrification resistance
a: no special abilities


You were on level 4 of the Dungeon.
You visited 1 branch of the dungeon, and saw 4 of its levels.

You collected 342 gold pieces.
You spent 94 gold pieces at shops.


Innate Abilities, Weirdness & Mutations

You are immune to sickness and miasma.
Your stone body is resilient. (AC +4)
You are immune to poison.
You resist negative energy. (rN+)
You are resistant to electric shocks. (rElec)
You are resistant to unholy torment.
You are immune to petrification.


   Skills:
 + Level 3.3 Fighting
 - Level 5.0 Axes
 - Level 1.0 Throwing
 - Level 3.2 Armour
 - Level 3.2 Shields


You had 4 spell levels left.
You didn't know any spells.
Your spell library was empty.

Inventory:

Hand Weapons
 j - a +0 whip
 Y - a +0 war axe (weapon)
Missiles
 o - 7 javelins (quivered)
Armour
 c - a +0 buckler (worn)
 i - a +0 chain mail (worn)
 n - a +0 cloak (worn)
Jewellery
 e - a ring of fire
 k - a ring of resist corrosion (left hand)
 s - a ring of resist corrosion
Scrolls
 b - a scroll of identify
 f - a scroll of teleportation
 h - 2 scrolls of vulnerability {unknown}
 q - a scroll of fog {unknown}
 r - a scroll of brand weapon {unknown}
Potions
 a - 2 potions of curing
 d - 2 potions of might
 g - a potion of mutation {unknown}
 l - a potion of cancellation {unknown}
 m - a potion of invisibility {unknown}
 p - a potion of attraction

Dungeon Overview and Level Annotations

Branches:
Dungeon (4/15)
 Temple: D:4-7

Altars:

Shops:
D:1 ([:(   D:4 *

Annotations:
D:4 1 runed translucent door, qw's ghost, novice GrFi


Message History

The goblin shouts!
Enter note:
Enter note:
Enter note:
Enter note: You throw a javelin.
The javelin barely misses the goblin.
You throw a javelin. The javelin pierces through the goblin.
The goblin is moderately wounded.
You throw a javelin. The javelin pierces through the goblin!
You kill the goblin!
You see here a +2 dagger of speed.
Enter note:
Enter note:
Enter note:
Enter note:
o - 7 javelins (gained 3)
There is a stone staircase leading down here.
An ogre comes into view. It is wielding a +0 giant club.
The ogre shouts!
Enter note:
Enter note:
Enter note:
Enter note: You slash the ogre!
The ogre is heavily wounded.
The ogre hits you but does no damage.
You hit the ogre.
The ogre is severely wounded.
The ogre hits you with a +0 giant club!!
Ouch! That really hurt!
You barely miss the ogre.
The ogre is severely wounded.
The ogre hits you with a +0 giant club!
3401 ||| READING 2 scrolls of teleportation.
As you read the scroll of teleportation, it crumbles to dust.
You feel strangely unstable.
You slash the ogre!
The ogre is almost dead.
The ogre hits you with a +0 giant club!
You die...

...........................>.....
...#########........###.###.#####
...#787#####..<########.###.#####
...#W).#.......#.....##.#........
...##+##.####..#.###.##.#.#.#####
.........# #..#.###.##.#.#.#
.........# #..#........#.#.#
.....[...# #..#####.####.#.#
)........# #...@....# #.#.#
.........# #..O###### #.#.#
.........# #... #.#.# .........#
#..# #.#.# ..)......# #.. #.#.#
.........# #.. #.#.# .........#
#. #.#.# .........# #. #.#.#
######.#... #.#.#


You could see an ogre.

Vanquished Creatures
  A hound (D:4)
  2 orc priests
  2 adders (D:3)
  3 worms
  6 orcs
  5 ball pythons
  3 bats (D:1)
  6 endoplasms
  3 giant cockroaches
  8 goblins
  8 hobgoblins
  10 kobolds
  4 quokkas
  2 frilled lizards (D:2)
  3 rats
66 creatures vanquished.

Notes
Turn   | Place    | Note
-------+----------+-------------------------------------------
     0 | D:1      | qw the Gargoyle Fighter began the quest for the Orb.
     0 | D:1      | Reached XP level 1. HP: 14/14 MP: 1/1
     0 | D:1      | 0 ||| qw: Version: 0.2-a-108-gee2c290
     0 | D:1      | 0 ||| qw: Game counter: 1417
     0 | D:1      | 0 ||| qw: Always use a shield: true
     0 | D:1      | 0 ||| qw: God list: Okawaru
     0 | D:1      | 0 ||| qw: Allow faded altars: false
     0 | D:1      | 0 ||| qw: Do Orc after D:15 true
     0 | D:1      | 0 ||| qw: Do second Lair branch before Depths: true
     0 | D:1      | 0 ||| qw: Lair rune preference: random
     0 | D:1      | 0 ||| qw: Plans: Normal, Zot:1-4, Slime:5, God:TSO, Crypt,
                  | Tomb, Abyss, Pan, Hells, Win
     0 | D:1      | 0 ||| PLANNING D:1-11
    34 | D:1      | Reached skill level 2 in Axes
    88 | D:1      | Found Detzorgh's Antique Weapon Shop.
    94 | D:1      | 94 ||| SHOPLISTING runed hand axe (144 gold, have 18).
    94 | D:1      | 94 ||| SHOPLISTING whip (60 gold, have 18).
   162 | D:1      | Reached XP level 2. HP: 19/19 MP: 2/2
   164 | D:1      | 164 ||| Stepping ~*~*~tactically~*~*~ (stealth).
   166 | D:1      | 166 ||| Stepping ~*~*~tactically~*~*~ (stealth).
   215 | D:1      | 215 ||| DROPPING +0 club.
   405 | D:1      | Found Guept's Book Boutique.
   437 | D:1      | Found Huvvin's Weapon Shop.
   453 | D:1      | Reached skill level 3 in Axes
   609 | D:1      | Reached XP level 3. HP: 22/23 MP: 3/3
   639 | D:1      | Found Giluel's Antique Armour Shop.
   651 | D:1      | 651 ||| BUYING cloak (94 gold).
   651 | D:1      | Bought a cloak for 94 gold pieces
   651 | D:1      | 651 ||| SHOPLISTING glowing scale mail (147 gold, have 62).
   651 | D:1      | 651 ||| SHOPLISTING pair of gloves (94 gold, have 62).
   949 | D:1      | 949 ||| UPGRADING to +0 chain mail.
   959 | D:1      | 959 ||| DROPPING +0 scale mail.
   960 | D:1      | 960 ||| UPGRADING to +0 cloak.
   965 | D:1      | 965 ||| UPGRADING to ring of resist corrosion.
   966 | D:1      | 966 ||| READING scroll labelled IDWILO FONOAFI.
   967 | D:1      | 967 ||| READING 2 scrolls labelled JYXANUEHERI.
   970 | D:1      | 970 ||| READING 2 scrolls labelled HIMEUD CICH.
   971 | D:1      | 971 ||| READING scroll labelled ZEASEYSIUH.
   972 | D:1      | 972 ||| READING scroll labelled ZATUPU ICAEX.
   973 | D:1      | 973 ||| READING scroll labelled YRROREPIKK.
   987 | D:1      | 987 ||| DROPPING scroll of noise.
  1284 | D:2      | 1284 ||| Stepping ~*~*~tactically~*~*~ (hiding).
  1704 | D:2      | 1704 ||| READING scroll labelled UCICHACS GAEHO.
  1705 | D:2      | 1705 ||| DRINKING 3 white potions.
  1706 | D:2      | 1706 ||| DRINKING 2 fuming red potions.
  1707 | D:2      | 1707 ||| READING 2 scrolls of identify.
  1707 | D:2      | 1707 ||| IDENTIFYING glowing green potion
  1708 | D:2      | 1708 ||| DROPPING 2 potions of brilliance.
  1739 | D:3      | 1739 ||| PLANNING SEWER
  1854 | D:3      | Reached skill level 1 in Throwing
  1925 | D:3      | Reached XP level 4. HP: 27/28 MP: 4/4
  2178 | D:3      | 2178 ||| Stepping ~*~*~tactically~*~*~ (hiding).
  2403 | D:3      | Reached skill level 4 in Axes
  2491 | D:3      | 2491 ||| RIP SEWER
  2695 | D:3      | 2695 ||| PLANNING D:1-11
  2700 | D:3      | Reached XP level 5. HP: 32/32 MP: 5/5
  2772 | D:3      | 2772 ||| READING scroll labelled PUUMPA VANA.
  2773 | D:3      | 2773 ||| READING 2 scrolls of identify.
  2773 | D:3      | 2773 ||| IDENTIFYING puce potion
  2774 | D:3      | 2774 ||| DROPPING potion of degeneration.
  2832 | D:4      | Found Sixzol's Overcharged Wands.
  2840 | D:4      | 2840 ||| SHOPLISTING wand of digging (11) (693 gold, have
                  | 197).
  2914 | D:4      | Found a runed translucent door.
  2918 | D:4      | Noticed qw's ghost (novice GrFi)
  2925 | D:4      | Reached skill level 5 in Axes
  3396 | D:4      | Noticed an ogre
  3400 | D:4      | HP: 3/32 [ogre/+0 giant club (7)]
  3401 | D:4      | 3401 ||| READING 2 scrolls of teleportation.
  3402 | D:4      | Mangled by an ogre

Levels and vault maps discovered:
D:1:      lightli_arrival_flooded_house, layout_basic, serial_shops, shop, shop,
          shop, shop, minmay_gold_behind_fungi, minmay_3d_cube
D:2:      layout_rooms, nrook_mini_backslash
D:3:      layout_loops_corners, portal_sewer_entry_d
D:4:      layout_basic, gammafunk_ghost_grave, chequers_hall_statues_wall_a,
          nicolae_shop_overcharged_wands

Skill      XL: |  1  2  3  4  5 |
---------------+----------------+-----
Axes           | 2 3 4 5 |  5.0
Throwing       | 1 |  1.0
Fighting       | |  3.3
Armour         | |  3.2
Shields        | |  3.2

Action                     |  1- 3 |  4- 6 || total
---------------------------+-------+-------++-------
  Melee: War axe           |   123 |    78 ||   201
  Throw: Javelin           |    21 |    26 ||    47
    Use: Scroll            |     8 |     3 ||    11
         Potion            |     2 |       ||     2
 Armour: Scale mail        |    42 |       ||    42
         Chain mail        |    24 |    47 ||    71
  Dodge: Dodged            |    38 |    31 ||    69
  Block: Buckler           |    15 |    14 ||    29

Table legend:
 A = Non-vault XP
 B = Vault XP
 C = Vault XP percentage of total XP
 D = Non-vault monster count
 E = Vault monster count
 F = Vault count percentage of total count
                 A         B        C        D         E       F
            +---------+---------+-------+---------+---------+-------
      Total |     255 |      20 |   7.3 |      61 |       5 |   7.6
            +---------+---------+-------+---------+---------+-------
        D:1 |      33 |       7 |  17.5 |      18 |       4 |  18.2
        D:2 |      33 |       0 |   0.0 |      16 |       0 |   0.0
        D:3 |      84 |      13 |  13.4 |      15 |       1 |   6.2
        D:4 |     105 |       0 |   0.0 |      12 |       0 |   0.0
            +---------+---------+-------+---------+---------+-------
